 Dungeon Crawl Stone Soup version 0.25-a0-635-g0c6c292ef3 (webtiles) character file.

Game seed: 14786010051957864263, levelgen mode: deterministic

838 lemonriz the Covert (level 7, -4/32 HPs)
             Began as a Spriggan Enchanter on Mar 20, 2020.
             Slain by a water moccasin zombie (7 damage)
             ... on level 5 of the Dungeon.
             The game lasted 00:18:00 (7110 turns).

lemonriz the Covert (Spriggan Enchanter)            Turns: 7110, Time: 00:18:00

Health: -4/32      AC:  3    Str:  4    XL:     7   Next: 67%
Magic:  15/15      EV: 21    Int: 19    God:
Gold:   297        SH:  0    Dex: 16    Spells: 9/15 levels left

rFire    . . .     SeeInvis +   o - +2 dagger (elec)
rCold    . . .     Gourm    .   (shield restricted)
rNeg     + . .     Faith    .   b - +0 robe
rPois    .         Spirit   .   (helmet restricted)
rElec    .         Reflect  .   n - +0 cloak
rCorr    +         Harm     .   (gloves unavailable)
MR       +....                  (boots unavailable)
Stlth    ++++......             (no amulet)
HPRegen  0.10/turn              e - ring of positive energy
MPRegen  0.14/turn              q - ring of resist corrosion

@: very quick
A: very small, unfitting armour, see invisible, herbivore, speed 3, slow
metabolism 2
a: no special abilities


You were on level 5 of the Dungeon.
You were not hungry.

You visited 1 branch of the dungeon, and saw 6 of its levels.

You collected 297 gold pieces.

Inventory:

Hand Weapons
 o - a +2 dagger of electrocution (weapon)
Armour
 b - a +0 robe (worn)
 n - a +0 cloak (worn)
Jewellery
 e - a ring of positive energy (left hand)
 q - a ring of resist corrosion (right hand)
 r - a +5 ring of protection {unknown}
Wands
 a - a wand of paralysis (3)
Scrolls
 c - 2 scrolls of teleportation
 g - a scroll of enchant armour {unknown}
 j - a scroll of blinking
 p - a scroll of remove curse {unknown}
 s - 3 scrolls of enchant weapon {unknown}
Potions
 f - a potion of resistance {unknown}
 h - 3 potions of ambrosia
 i - a potion of might {unknown}
 k - 2 potions of lignification
 l - 3 potions of curing {unknown}
 m - 3 potions of heal wounds {unknown}
 t - a potion of degeneration {unknown}
Comestibles
 d - 7 rations


   Skills:
 + Level 0.0 Fighting
 + Level 4.2 Short Blades
 + Level 5.4 Dodging
 + Level 9.0 Stealth
 * Level 4.6 Spellcasting
 * Level 5.3 Hexes
 - Level 1.1 Ice Magic


You had 9 spell levels left.
You knew the following spells:

 Your Spells              Type           Power        Failure   Level  Hunger
a - Corona                Hex            ###....      1%          1    None
b - Ensorcelled Hibernat  Hex/Ice        ###...       4%          2    #......
c - Confusing Touch       Hex            ###.....     4%          3    ###....

Your spell library contained the following spells:

 Spells                   Type           Power        Failure   Level  Hunger
 Tukima's Dance           Hex            ###.....     4%          3    ###....
 Dazzling Flash           Conj/Hex       ##....       13%         3    ###....


Dungeon Overview and Level Annotations

Branches:
Dungeon (6/15)
 Temple: D:4-7

Altars:
Cheibriados
Fedhas
Gozag
Qazlal
Trog
Xom


Innate Abilities, Weirdness & Mutations

You are very small and have problems with some larger weapons.
You are too small for most types of armour.
You have supernaturally acute eyesight. (SInv)
You are a herbivore.
You cover ground extremely quickly.
You need to consume almost no food.


Message History

A water moccasin zombie comes into view.
A water moccasin zombie is nearby!
You hit the water moccasin zombie.
The water moccasin zombie is lightly damaged.
The water moccasin zombie bites you.
* * * LOW HITPOINT WARNING * * *
You barely miss the water moccasin zombie.
The water moccasin zombie is lightly damaged.
The water moccasin zombie barely misses you.
You hit the water moccasin zombie.
Lightning courses through the water moccasin zombie!
The water moccasin zombie is heavily damaged.
The water moccasin zombie barely misses you.
You hit the water moccasin zombie.
The water moccasin zombie is heavily damaged.
The water moccasin zombie completely misses you.
You hit the water moccasin zombie.
The water moccasin zombie is heavily damaged.
The water moccasin zombie bites you!
You die...

..# #....####..####.......#####
### #..........# ###.......###
..######.........# #.[.........##
#..#..#...##.###.###..#..........
#.....#......##..#..>.#..........
#.##.....#..##.......##....)..#<.
#..##..####.#.......##....###)##.
.........##.#...........####.)##.
..##...........Z@......## #..###
.......................# #.....
....##...#.<........##.## ##.....
.....#..###..........#..###......
.......## #......................
....#..## #...........##.........
...##...###.......#...........#..
...#....##........#...........#..
#.##..[)##..........#..#.........


You could see a water moccasin zombie.

Vanquished Creatures
  2 ice beasts (D:6)
  Blork the orc (D:4)
  A crimson imp (D:5)
  A bullfrog zombie (D:5)
  A hound (D:6)
  A jelly (D:5)
  5 orc priests
  2 orc wizards
  An iguana (D:4)
  4 worker ants
  Terence (D:2)
  A hound skeleton (D:5)
  A worker ant zombie (D:5)
  A howler monkey skeleton (D:4)
  An adder skeleton (D:6)
  A worm (D:2)
  A dart slug (D:1)
  A leopard gecko (D:5)
  20 orcs
  2 ball pythons
  4 bats
  A giant cockroach (D:2)
  A goblin (D:3)
  4 hobgoblins
  2 jackals (D:4)
  2 quokkas
  A frilled lizard (D:3)
  A giant cockroach zombie (D:5)
  7 kobolds
  A quokka skeleton (D:4)
  7 rats
80 creatures vanquished.

Notes
Turn   | Place    | Note
-------+----------+-------------------------------------------
     0 | D:1      | lemonriz the Spriggan Enchanter began the quest for the
                  | Orb.
     0 | D:1      | Reached XP level 1. HP: 9/9 MP: 5/5
   725 | D:1      | Reached XP level 2. HP: 8/13 MP: 6/6
   729 | D:1      | Learned a level 2 spell: Ensorcelled Hibernation
   917 | D:2      | Reached skill level 5 in Stealth
  1086 | D:2      | Noticed Terence
  1211 | D:2      | Killed Terence
  1211 | D:2      | Reached skill level 1 in Ice Magic
  1211 | D:2      | Reached XP level 3. HP: 16/16 MP: 8/8
  1800 | D:3      | Found a stormy altar of Qazlal.
  2201 | D:3      | Learned a level 3 spell: Confusing Touch
  2684 | D:3      | Reached skill level 6 in Stealth
  2684 | D:3      | Reached XP level 4. HP: 13/21 MP: 4/9
  3302 | D:3      | Paralysed by a hobgoblin for 7 turns
  3398 | D:3      | Found a bloodstained altar of Trog.
  3897 | D:3      | Reached XP level 5. HP: 10/24 MP: 7/10
  4141 | D:3      | Reached skill level 7 in Stealth
  4176 | D:3      | Found a blossoming altar of Fedhas.
  4456 | D:4      | Found a snail-covered altar of Cheibriados.
  4625 | D:5      | Entered Level 5 of the Dungeon
  4811 | D:4      | Noticed Blork the orc
  4817 | D:4      | Killed Blork the orc
  4817 | D:4      | Reached XP level 6. HP: 28/28 MP: 11/11
  5344 | D:4      | Found an opulent altar of Gozag.
  5344 | D:4      | Found a shimmering altar of Xom.
  5545 | D:5      | Reached skill level 8 in Stealth
  6466 | D:5      | Reached XP level 7. HP: 26/32 MP: 13/13
  6668 | D:6      | Reached skill level 5 in Dodging
  6668 | D:6      | Reached skill level 5 in Hexes
  6992 | D:6      | Reached skill level 9 in Stealth
  7110 | D:5      | Slain by a water moccasin zombie

Levels and vault maps discovered:
D:1:      matt_arrival_los_fun, layout_loops_ring, roderic_nine_men_s_morris
D:2:      layout_loops_cross, minivault_14, uniq_terence
D:3:      layout_loops_ring, overflow_temple_1_default,
          lemuel_coloured_pillars_altar, first_ration, trog_book
D:4:      layout_loops_ring, nicolae_overflow_hidden_temple,
          hangedman_decor_lopped, patterned_corridor, uniq_blork_the_orc
D:5:      layout_cave_pools
D:6:      layout_loops_ring, serial_shops, kennysheep_mini_moat, uniq_grinder

Skill      XL: |  1  2  3  4  5  6  7 |
---------------+----------------------+-----
Stealth        | 5 6 7 8 9 |  9.0
Short Blades   | 2 3 4 |  4.2
Ice Magic      | 1 |  1.1
Spellcasting   | 3 4 |  4.6
Hexes          | 4 5 |  5.3
Dodging        | 4 5 |  5.4

Action                   |  1- 3 |  4- 6 |  7- 9 || total
-------------------------+-------+-------+-------++-------
Melee: Dagger            |   108 |   162 |    45 ||   315
 Cast: Corona            |     2 |     1 |       ||     3
       Ensorcelled Hiber |     3 |     6 |       ||     9
       Confusing Touch   |     3 |       |     1 ||     4
  Use: Scroll            |     3 |     2 |       ||     5
 Stab: Sleeping          |     6 |    10 |     4 ||    20
       Confused          |     1 |       |     1 ||     2
  Eat: Ration            |       |     2 |     1 ||     3
Armor: Robe              |    13 |    15 |     1 ||    29
Dodge: Dodged            |    85 |    92 |    19 ||   196

Table legend:
 A = Non-vault XP
 B = Vault XP
 C = Vault XP percentage of total XP
 D = Non-vault monster count
 E = Vault monster count
 F = Vault count percentage of total count
                 A         B        C        D         E       F
            +---------+---------+-------+---------+---------+-------
      Total |    1072 |     126 |  10.5 |      78 |       2 |   2.5
            +---------+---------+-------+---------+---------+-------
        D:1 |      12 |       0 |   0.0 |       5 |       0 |   0.0
        D:2 |      17 |      32 |  65.3 |      11 |       1 |   8.3
        D:3 |     205 |       0 |   0.0 |      28 |       0 |   0.0
        D:4 |      92 |      94 |  50.5 |       8 |       1 |  11.1
        D:5 |     361 |       0 |   0.0 |      20 |       0 |   0.0
        D:6 |     385 |       0 |   0.0 |       6 |       0 |   0.0
            +---------+---------+-------+---------+---------+-------
